cohdb
Replays
Latest Replays
All Replays
Popular Replays
Top Player Replays
Match Explorer
How It Works
Community
CoH3 Stats
Reddit
Sign in to upload your games and track your stats! →
Sign in with Steam
Match 42118507
Unlisted
Match 42118507
Overview
Messages
Build Orders
End
Kettenkrad Recon Vehicle
Construct Infanterie Kompanie
MG 42 Machine Gun Team
Grenadier Squad
Construct Luftwaffe Kompanie
Jäger Squad
GrW 34 Mortar Team
Forward Retreat Point
Infanterie Officer Quarters
Medical Bunker
Luftwaffe Officer Quarters
Support Elements
Pioneer Squad
Wirbelwind Flakpanzer
Marder III M Tank Destroyer
Jäger Squad
Selects Mechanized Battlegroup
Selects Spotting Scopes
Selects Wespe Self-propelled Artillery
Wespe Self-propelled Artillery
Side Skirts
Selects Raid Package
Selects StuG Assault Group
StuG Assault Group
Pioneer Squad
Selects Zeroing Artillery Barrage
Zeroing Artillery Barrage
Construct Panzer Kompanie
Selects UNKNOWN (2160084)
Panther Heavy Tank
Panther Heavy Tank
Panther Heavy Tank
Panther Heavy Tank
Zeroing Artillery Barrage
Panther Heavy Tank
$kaffa soldier
昌江县县委书记
jooooooohn
求你了别站起来蹬她
抖音_稳得住0.0
Exf
Gravey
Hello
0
0
Comments
sign in to comment!
No comments posted yet!